 Dungeon Crawl Stone Soup version 0.29.1-13-g9f3cf754e1 (webtiles) character file.

Game seed: 2866818191087683601

2911 sankara the Cleaver (level 9, -6/83 HPs)
             Began as a Hill Orc Fighter on Jan 31, 2023.
             Was a Believer of Makhleb.
             Mangled by a vampire mosquito (8 damage)
             ... on level 7 of the Dungeon.
             The game lasted 00:12:51 (6955 turns).

sankara the Cleaver (Hill Orc Fighter)              Turns: 6955, Time: 00:12:52

Health: -6/83      AC:  9    Str: 19    XL:     9   Next: 78%
Magic:  9/9        EV:  9    Int:  8    God:    Makhleb [**....]
Gold:   352        SH: 10    Dex: 14    Spells: 8/8 levels left

rFire   . . .      SeeInvis .   a - +0 war axe
rCold   . . .      Faith    .   c - +0 buckler
rNeg    + . .      Spirit   .   b - +0 scale mail
rPois   .          Reflect  +   (no helmet)
rElec   .          Harm     .   s - +0 cloak
rCorr   .          Rampage  .   (no gloves)
Will    .....                   (no boots)
Stlth   ..........              e - amulet of reflection
HPRegen 0.23/turn               n - ring of positive energy
MPRegen 0.11/turn               (no ring)

@: mighty, studying Short Blades
A: no striking features
a: Renounce Religion, Minor Destruction


You were on level 7 of the Dungeon.
You worshipped Makhleb.
Makhleb was pleased with you.
You visited 2 branches of the dungeon, and saw 8 of its levels.

You collected 352 gold pieces.

Inventory:

Hand Weapons
 a - a +0 war axe (weapon)
Missiles
 m - 4 curare-tipped darts (quivered)
 y - 9 poisoned darts
Armour
 b - a +0 scale mail (worn)
 c - a +0 buckler (worn)
 s - a +0 cloak (worn)
Jewellery
 e - an amulet of reflection (around neck)
 n - a ring of positive energy (left hand)
Wands
 t - a wand of flame (46)
 D - a wand of mindburst (13)
Scrolls
 f - 6 scrolls of identify {unknown}
 g - 6 scrolls of teleportation {unknown}
 i - a scroll of magic mapping {unknown}
 j - 2 scrolls of amnesia {unknown}
 k - a scroll of immolation {unknown}
 o - 2 scrolls of blinking {unknown}
 q - 3 scrolls of enchant armour {unknown}
 r - a scroll of enchant weapon {unknown}
 u - a scroll of butterflies {unknown}
 w - 2 scrolls of poison {unknown}
 x - 2 scrolls of fear {unknown}
Potions
 h - 4 potions of heal wounds {unknown}
 l - a potion of degeneration {unknown}
 p - 2 potions of curing
 v - a potion of mutation {unknown}
 z - 2 potions of haste {unknown}
 A - 3 potions of ambrosia {unknown}
 B - a potion of flight {unknown}
 C - a potion of brilliance {unknown}


   Skills:
 + Level 9.2 Fighting
 + Level 9.6 Axes
 - Level 3.0 Throwing
 + Level 8.5 Armour
 - Level 5.0 Shields


You had 8 spell levels left.
You didn't know any spells.
Your spell library contained the following spells:

 Spells                   Type           Power      Damage    Failure   Level
 Sting                    Tmut/Pois      0%         1d3       82%         1
 Poisonous Vapours        Pois/Air       0%         N/A       91%         2
 Static Discharge         Conj/Air       0%         3-3/arc   91%         2
 Call Canine Familiar     Summ           0%         N/A       99%         3
 Portal Projectile        Hex/Tloc       0%         N/A       99%         3
 Dispel Undead            Necr           0%         3d6       100%        4
 Leda's Liquefaction      Hex/Erth       0%         N/A       100%        4
 Olgreb's Toxic Radiance  Pois           0%         N/A       100%        4
 Sticky Flame             Conj/Fire      0%         2d3       100%        4
 Fireball                 Conj/Fire      0%         3d3       100%        5
 Iskenderun's Battlesphe  Conj           0%         2d6       100%        5
 Conjure Ball Lightning   Conj/Air       0%         3x3d6     100%        6
 Orb of Destruction       Conj           0%         9d5       100%        7


Dungeon Overview and Level Annotations

Branches:
Dungeon (7/15)             Temple (1/1) D:4

Altars:
Ashenzari
Cheibriados
Dithmenos
Elyvilon
Gozag
Hepliaklqana
Kikubaaqudgha
Makhleb
Nemelex Xobeh
Okawaru
Qazlal
Ru
Sif Muna
Trog
Uskayaw
Vehumet
Xom
Yredelemnul
Zin
The Shining One

Shops:
D:2 (   D:3 !   D:6 *

Annotations:
D:3 2 transporters, Andromeda's ghost, amateur HOFi


Message History

The vampire mosquito buzzes angrily.
You block the vampire mosquito's attack.
You hit the vampire mosquito.
The vampire mosquito is lightly damaged.
You block the vampire mosquito's attack.
The vampire mosquito bites you.
* * * LOW HITPOINT WARNING * * *
The vampire mosquito draws strength from your injuries!
You barely miss the vampire mosquito.
The vampire mosquito is lightly damaged.
The vampire mosquito closely misses you.
You block the vampire mosquito's attack.
You hit the vampire mosquito.
The vampire mosquito is lightly damaged.
The vampire mosquito bites you.
* * * LOW HITPOINT WARNING * * *
The vampire mosquito draws strength from your injuries!
You block the vampire mosquito's attack.
You miss the vampire mosquito.
The vampire mosquito is lightly damaged.
The vampire mosquito bites you.
* * * LOW HITPOINT WARNING * * *
You block the vampire mosquito's attack.
You feel very mighty all of a sudden. The vampire mosquito barely misses you.
The jelly jiggles.
The vampire mosquito barely misses you.
You closely miss the vampire mosquito.
You block the vampire mosquito's attack.
The vampire mosquito barely misses you.
You slash the vampire mosquito!
The vampire mosquito is severely damaged.
You block the vampire mosquito's attack.
The vampire mosquito bites you!
* * * LOW HITPOINT WARNING * * *
The vampire mosquito draws strength from your injuries!
You barely miss the vampire mosquito.
The vampire mosquito is heavily damaged.
The vampire mosquito bites you!
You die...

#............#
#......)))...# .#
#............# .#
#............# ####.####
#............# #........
....#........# #........
#......._....# #........
#.....#####..#####........
#.....#..J#....y@.........
#.....#.A.#...####........
#.#...#...#..## #........
..#...#####..# #<.......
........_....# #........
#####.......## #########
#########


You could see a vampire mosquito and a jelly.

Vanquished Creatures
  A gargoyle (D:6)
  Sigmund (D:6)
  A water moccasin (D:7)
  An acid dragon (D:7)
  An orc warrior (D:7)
  A sky beast (D:6)
  3 black bears
  3 ogres
  A necrophage (D:4)
  3 bullfrogs
  4 scorpions
  2 howler monkeys (D:4)
  6 hounds
  An orc priest (D:6)
  Crazy Yiuf (D:3)
  A gnoll bouda (D:5)
  3 jellies
  6 iguanas
  6 orc wizards
  13 gnolls
  11 adders
  An ufetubus (D:5)
  2 worms
  21 orcs
  5 ball pythons
  4 bats
  7 endoplasms
  2 giant cockroaches
  3 goblins
  8 hobgoblins
  6 jackals
  2 quokkas (D:3)
  3 kobolds
  3 rats
137 creatures vanquished.

Vanquished Creatures (others)
  6 plants (D:7)
6 creatures vanquished.

Grand Total: 143 creatures vanquished

Notes
Turn   | Place    | Note
-------+----------+-------------------------------------------
     0 | D:1      | sankara the Hill Orc Fighter began the quest for the Orb.
     0 | D:1      | Reached XP level 1. HP: 19/19 MP: 1/1
    91 | D:1      | Reached XP level 2. HP: 27/27 MP: 2/2
   127 | D:1      | You fall into a shaft and drop 1 floor!
   135 | D:2      | Found a radiant altar of Vehumet.
   573 | D:2      | Reached XP level 3. HP: 29/33 MP: 3/3
   623 | D:2      | Found Yfoonos's Weapon Shop.
   792 | D:3      | Reached XP level 4. HP: 38/40 MP: 4/4
   827 | D:3      | Found a broken altar of Ashenzari.
   922 | D:3      | Noticed Andromeda's ghost (amateur HOFi)
   925 | D:3      | Found a transporter.
   934 | D:3      | Found a transporter.
   948 | D:3      | Found a burning altar of Makhleb.
   953 | D:3      | Became a worshipper of Makhleb the Destroyer
   955 | D:3      | Found a hide-covered altar of Uskayaw.
   959 | D:3      | Found a radiant altar of Vehumet.
   978 | D:3      | Found Wont's Distillery.
  1080 | D:3      | Found a faded altar of an unknown god.
  1340 | D:3      | Reached XP level 5. HP: 41/47 MP: 5/5
  1506 | D:3      | Found a runed translucent door.
  1507 | D:3      | Noticed Crazy Yiuf
  1595 | D:3      | Killed Crazy Yiuf
  1961 | D:4      | Reached skill level 5 in Fighting
  1961 | D:4      | Reached XP level 6. HP: 50/56 MP: 6/6
  2020 | D:4      | Found a staircase to the Ecumenical Temple.
  2074 | Temple   | Entered the Ecumenical Temple
  2386 | D:4      | Reached * piety under Makhleb
  2387 | D:4      | Reached skill level 5 in Axes
  2387 | D:4      | Reached skill level 1 in Throwing
  2665 | D:4      | Reached skill level 5 in Armour
  2665 | D:4      | Reached XP level 7. HP: 61/61 MP: 7/7
  2755 | D:4      | Reached skill level 5 in Shields
  3313 | D:5      | Entered Level 5 of the Dungeon
  3559 | D:5      | Reached XP level 8. HP: 68/70 MP: 8/8
  5162 | D:6      | Noticed a gargoyle
  5169 | D:6      | Killed a gargoyle
  5170 | D:6      | Reached XP level 9. HP: 72/81 MP: 9/9
  5366 | D:6      | Found Pomp's General Store.
  5466 | D:6      | Noticed Sigmund
  5478 | D:6      | Killed Sigmund
  5478 | D:6      | Reached ** piety under Makhleb
  6543 | D:7      | Found a shimmering altar of Xom.
  6543 | D:7      | Found a glowing silver altar of Zin.
  6543 | D:7      | Noticed an angel
  6954 | D:7      | HP: 1/83 [vampire mosquito (9)]
  6955 | D:7      | Mangled by a vampire mosquito

Illustrated notes

Levels and vault maps discovered:
D:1:      lemuel_arrival_river_ford, layout_basic
D:2:      layout_basic, serial_shops, nicolae_shop_stone, basic_altar,
          minmay_misc_feat_nine_boxes, minmay_fountain_box,
          minmay_close_crescents
D:3:      minmay_angry_zag, layout_basic, lemuel_crystal_altar, minitemple,
          serial_shops, nicolae_shop_competitors_out_of_business,
          gammafunk_ghost_arena, shapermc_ecumenical_altar_mp_urbaneastern,
          minmay_misc_feat_four_crosses, uniq_crazy_yiuf_cottage
D:4:      layout_gridville, minmay_temple_entry_antechambers,
          minmay_manual_mullet
D:5:      minmay_evil_eye, layout_basic
D:6:      layout_basic, serial_shops, nicolae_shop_competitors_out_of_business,
          kennysheep_dice, uniq_sigmund
D:7:      layout_rooms, grunt_temple_overflow_order_and_chaos_1,
          hangedman_decor_growths, minmay_the_grid_2x2 [minmay_the_grid_fan,
          minmay_the_grid_holed_spiral, minmay_the_grid_garden,
          minmay_the_grid_prize_four_corners]
Temple:   eino_temple_lava

Skill      XL: |  1  2  3  4  5  6  7  8  9 |
---------------+----------------------------+-----
Axes           | 3 4 5 6 8 9 |  9.6
Fighting       | 4 5 6 7 9 |  9.2
Armour         | 4 5 7 8 |  8.5
Shields        | 4 5 |  5.0
Throwing       | 1 2 3 |  3.0

Action                   |  1- 3 |  4- 6 |  7- 9 || total
-------------------------+-------+-------+-------++-------
Melee: War axe           |    59 |   109 |   333 ||   501
Throw: Dart              |       |     2 |     3 ||     5
  Use: Potion            |       |     1 |     1 ||     2
Armor: Scale mail        |    25 |    32 |   105 ||   162
Dodge: Dodged            |    35 |    36 |   116 ||   187
Block: Buckler           |    46 |    48 |   191 ||   285
       Reflection        |       |     1 |     2 ||     3
